 Dungeon Crawl Stone Soup version 0.32-a0-350-g4f4d228785 (webtiles) character file.

Game seed: 8681349940185979421

5982 SharpScales the Covert (level 10, -8/73 HPs)
             Began as a Vampire Summoner on Feb 17, 2024.
             Was a Believer of Kikubaaqudgha.
             Mangled by a boulder beetle (16 damage)
             ... on level 9 of the Dungeon.
             The game lasted 00:14:53 (9158 turns).

SharpScales the Covert (Vampire Summoner)           Turns: 9158, Time: 00:14:54

Health: -8/73      AC:  3    Str:  7    XL:     10   Next: 55%
Magic:  20/20      EV: 20    Int: 23    God:    Kikubaaqudgha [**....]
Gold:   625        SH:  0    Dex: 17    Spells: 9/23 levels left

rFire   + . .        F - +3 scimitar (flame)
rCold   + . .        (no shield)
rNeg    . . .        u - +0 robe of Insurance {rElec Dex+3}
rPois   .            w - +0 helmet
rElec   +            E - scarf {rC+ rF+}
rCorr   +            (no gloves)
SInv    +            (no boots)
Will    +....        D - amulet of magic regeneration
Stlth   ++++         t - +5 ring of evasion
HPRegen 0.52/turn    y - ring of resist corrosion
MPRegen 0.57/turn

%: no passive effects
@: unable to call your familiar, healing quickly
A: alive, fangs 3, see invisible, vampiric 2
a: Exsanguinate, Renounce Religion, Unearth Wretches


You were on level 9 of the Dungeon.
You worshipped Kikubaaqudgha.
Kikubaaqudgha was pleased with you.
You visited 2 branches of the dungeon, and saw 10 of its levels.

You collected 625 gold pieces.

Inventory:

Hand Weapons
 h - a +0 dagger
 q - a +1 short sword of protection
 F - a +3 scimitar of flaming (weapon)
Missiles
 A - a throwing net
 C - a curare-tipped dart
Armour
 a - a +0 robe
 u - the +0 robe of Insurance (worn) {rElec Dex+3}
   (You found it on level 4 of the Dungeon)

   Dex+3:     It affects your dexterity (+3).
   rElec:     It insulates you from electricity.
 w - a +0 helmet (worn)
 E - a scarf of resistance (worn)
Jewellery
 i - an amulet of guardian spirit
 j - a ring of ice
 t - a +5 ring of evasion (left hand)
 y - a ring of resist corrosion (right hand)
 D - an amulet of magic regeneration (around neck)
Wands
 c - a wand of light (6)
 o - a wand of charming (3)
 s - a wand of polymorph (13)
Scrolls
 e - a scroll of fog {@r2}
 f - 2 scrolls of revelation {unknown}
 k - a scroll of brand weapon
 l - 2 scrolls of teleportation {unknown}
 n - a scroll of enchant armour
 v - a scroll of acquirement
 z - 2 scrolls of blinking {unknown}
 B - a scroll of torment
Potions
 b - a potion of magic
 d - 6 potions of degeneration {unknown}
 g - 5 potions of heal wounds {unknown}
 m - 4 potions of curing {unknown}
 p - a potion of brilliance {unknown}
 r - 2 potions of lignification {unknown}
 x - a potion of enlightenment {unknown}


   Skills:
 + Level 4.9 Fighting
 + Level 6.2 Dodging
 + Level 8.9 Stealth
 + Level 7.2 Spellcasting
 + Level 8.6 Summonings
 - Level 4.0 Translocations
 - Level 5.0 Air Magic


You had 9 spell levels left.
You knew the following spells:

 Your Spells              Type           Power      Damage    Failure   Level
a - Animate Dead          Necr           8%         N/A       58%         4
b - Blink                 Tloc           52%        N/A       2%          2
c - Call Canine Familiar  Summ           48%        N/A       1%          3
l - Summon Lightning Spi  Summ/Air       39%        N/A       4%          4
s - Summon Small Mammal   Summ           100%       N/A       1%          1

Your spell library contained the following spells:

 Spells                   Type           Power      Damage    Failure   Level
 Apportation              Tloc           52%        N/A       1%          1
 Call Imp                 Summ           96%        N/A       1%          2
 Lesser Beckoning         Tloc           52%        N/A       2%          2
 Momentum Strike          Conj/Tloc      34%        3d8       4%          2
 Cigotuvi's Dreadful Rot  Necr/Alch/Air  30%        N/A       6%          2
 Kiss of Death            Conj/Necr      32%        2d7       8%          1
 Necrotise                Necr           32%        1d5       8%          1
 Slow                     Hex            32%        N/A       8%          1
 Sting                    Conj/Alch      32%        1d5       8%          1
 Summon Blazeheart Golem  Fire/Summ      28%        N/A       13%         4
 Confusing Touch          Hex            8%         N/A       22%         3
 Sigil of Binding         Hex            8%         N/A       22%         3
 Vampiric Draining        Necr           8%         2d6       22%         3


Dungeon Overview and Level Annotations

Branches:
Dungeon (9/15)             Temple (1/1) D:5
   Lair: D:8-11         Orc: D:9-12

Altars:
Ashenzari
Cheibriados
Dithmenos
Fedhas
Gozag
Hepliaklqana
Kikubaaqudgha
Makhleb
Nemelex Xobeh
Okawaru
Qazlal
Ru
Sif Muna
Trog
Uskayaw
Vehumet
Wu Jian
Xom
Yredelemnul
Jiyva

Shops:
D:2 ([   D:8 :   D:9 :

Portals:
Abyss: D:5

Annotations:
D:5 2 transporters, Nebesus's ghost, novice AtFi
D:8 2 transporters


Innate Abilities, Weirdness & Mutations

Your natural rate of healing is accelerated.
You have razor-sharp teeth.
You have supernaturally acute eyesight. (SInv)
You are afflicted with vampirism and can become a bat while bloodless.


Message History

An electric hum fills the air.
The boulder beetle hits your inugami!!
Your inugami dies!
Your inugami disappears in a puff of smoke!
The boulder beetle stops rolling and uncurls.
Your lightning spire shoots out a bolt of lightning at the boulder beetle!
The bolt of electricity hits the boulder beetle.
Aiming: Bolt of Light
Press: ? - help, Q - select action, (/) - cycle Shift-Dir - straight line, f - boulder beetle
Aim: a boulder beetle (lightly wounded, ally target, 100% to hit)
The bolt of light hits the boulder beetle.
The boulder beetle is lightly wounded.
The boulder beetle is blinded.
Your lightning spire shoots out a bolt of lightning at the boulder beetle!
The bolt of electricity hits the boulder beetle!
You hit the boulder beetle but do no damage.
You bite the boulder beetle, but do no damage.
The boulder beetle is lightly wounded.
The boulder beetle bites you!
* * * LOW HITPOINT WARNING * * *
Your lightning spire shoots out a bolt of lightning at the boulder beetle!
The bolt of electricity hits the boulder beetle but does no damage.
The boulder beetle completely misses you.
Unknown command.
You hit the boulder beetle but do no damage.
You bite the boulder beetle, but do no damage.
The boulder beetle is lightly wounded.
Your lightning spire shoots out a bolt of lightning at the boulder beetle!
The bolt of electricity hits the boulder beetle but does no damage.
The boulder beetle misses you.
Unknown command.
You hit the boulder beetle but do no damage.
The boulder beetle is lightly wounded.
Your lightning spire shoots out a bolt of lightning at the boulder beetle!
The bolt of electricity hits the boulder beetle!
The boulder beetle misses you.
Your lightning spire shoots out a bolt of lightning at the boulder beetle!
The bolt of electricity hits the boulder beetle!
The boulder beetle bites you!
You die...
Kikubaaqudgha rasps: You have failed me!
Welcome... death!

########################
...#..........#.........
...#..........#.........
...'..........#........
...#..........#I.......
###############..)#######
................@B......#
........................#
........................#
####################...?#
#........ #?.....°.
#........ #........
#........


You could see a boulder beetle (blind, unable to see you, ally target) and a
friendly lightning spire (summoned).

Vanquished Creatures
  Erica (D:9)
  Prince Ribbit (D:9)
  A wyvern (D:9)
  A water moccasin (D:4)
  A sky beast (D:7)
  A centaur (D:8)
  A bullfrog (D:6)
  2 scorpions
  A howler monkey (D:6)
  A hound (D:6)
  A jelly (D:4)
  A bombardier beetle (D:4)
  2 iguanas
  An orc wizard (D:7)
  2 nameless horrors
  3 adders
  2 white imps
  5 orcs
  2 endoplasms (D:4)
  A hobgoblin (D:4)
  3 jackals
  4 quokkas
  2 ball pythons
  3 bats
  A goblin (D:2)
  2 kobolds
  A rat (D:3)
47 creatures vanquished.

Vanquished Creatures (collateral kills)
  A centaur warrior (D:9)
  A hornet (D:7)
  8 yaks
  A wyvern (D:9)
  2 steam dragons (D:8)
  An orc warrior (D:9)
  An ice beast (D:7)
  A black bear (D:7)
  3 ogres
  A phantom (D:6)
  A centaur (D:8)
  A kobold brigand (D:7)
  5 bullfrogs
  A scorpion (D:5)
  A bombardier beetle (D:5)
  2 howler monkeys
  A jelly (D:8)
  3 orc priests
  3 hounds
  A gnoll bouda (D:7)
  3 iguanas
  Ijyb (D:3)
  2 orc wizards
  4 gnolls (D:7)
  5 adders
  2 white imps (D:7)
  2 ufetubi (D:5)
  2 dart slugs
  18 orcs
  3 ball pythons
  6 endoplasms
  A giant cockroach (D:2)
  4 hobgoblins
  3 jackals (D:1)
  9 kobolds
  3 quokkas
  2 bats (D:3)
  4 frilled lizards
  8 goblins
  3 rats (D:1)
124 creatures vanquished.

Vanquished Creatures (others)
  A bullfrog (D:7)
1 creature vanquished.

Grand Total: 172 creatures vanquished

Notes
Turn   | Place    | Note
-------+----------+-------------------------------------------
     0 | D:1      | SharpScales the Vampire Summoner began the quest for the
                  | Orb.
     0 | D:1      | Reached XP level 1. HP: 13/13 MP: 3/3
   154 | D:1      | Reached XP level 2. HP: 19/19 MP: 0/5
   422 | D:1      | Gained mutation: You are afflicted with vampirism and can
                  | become a bat while bloodless. [Vampire growth]
   422 | D:1      | Reached XP level 3. HP: 24/24 MP: 4/7
   747 | D:2      | Learned a level 3 spell: Call Canine Familiar
   892 | D:2      | Reached XP level 4. HP: 30/30 MP: 5/8
  1330 | D:2      | Reached skill level 5 in Summonings
  1404 | D:2      | Found Wihyuh's Armour Emporium.
  1765 | D:2      | Found Taoduant's Weapon Shoppe.
  2192 | D:3      | Noticed Ijyb
  2208 | D:3      | Killed Ijyb
  2209 | D:3      | Reached XP level 5. HP: 29/35 MP: 5/10
  3259 | D:4      | Found a shadowy altar of Dithmenos.
  3284 | D:4      | Reached XP level 6. HP: 41/41 MP: 8/12
  3382 | D:4      | Noticed a water moccasin
  3404 | D:4      | Killed a water moccasin
  3465 | D:4      | Identified the +0 robe of Insurance {rElec Dex+3}
  3653 | D:4      | Reached skill level 5 in Spellcasting
  3653 | D:4      | Reached XP level 7. HP: 46/46 MP: 9/14
  3888 | D:4      | Found an ornate altar of the Wu Jian Council.
  4346 | D:4      | Learned a level 4 spell: Summon Lightning Spire
  4367 | D:5      | Entered Level 5 of the Dungeon
  4405 | D:5      | Found a transporter.
  4417 | D:5      | Found a transporter.
  4420 | D:5      | Noticed Nebesus's ghost (novice AtFi)
  4716 | D:5      | Found a staircase to the Ecumenical Temple.
  4726 | D:5      | Reached skill level 1 in Air Magic
  4731 | Temple   | Entered the Ecumenical Temple
  4751 | Temple   | Became a worshipper of Kikubaaqudgha
  4921 | D:5      | Found a one-way gate to the infinite horrors of the Abyss.
  4975 | D:5      | Reached skill level 1 in Fighting
  5046 | D:5      | Identified the +5 scale mail of Decuclad {Will+}
  5239 | D:5      | Noticed a small abomination
  5408 | D:6      | Reached XP level 8. HP: 55/55 MP: 14/16
  5803 | D:6      | Reached skill level 5 in Stealth
  5924 | D:6      | Learned a level 2 spell: Blink
  6059 | D:7      | Reached * piety under Kikubaaqudgha
  6059 | D:7      | Received a gift from Kikubaaqudgha
  6168 | D:7      | Reached skill level 1 in Translocations
  6259 | D:7      | HP: 2/57 [orc priest/divine providence (14)]
  6601 | D:7      | Reached XP level 9. HP: 62/62 MP: 13/18
  7387 | D:7      | Identified a scroll of acquirement
  7439 | D:7      | Learned a level 4 spell: Animate Dead
  7546 | D:8      | Found Ejekut's Self-Published Books.
  7565 | D:8      | Reached skill level 5 in Air Magic
  7908 | D:8      | Reached skill level 5 in Dodging
  8078 | D:8      | Found a transporter.
  8081 | D:8      | Found a transporter.
  8188 | D:8      | Found a viscous altar of Jiyva.
  8253 | D:8      | Reached XP level 10. HP: 54/71 MP: 4/20
  8684 | D:9      | Noticed Erica
  8703 | D:9      | Killed Erica
  8944 | D:9      | Noticed Prince Ribbit
  8958 | D:9      | Killed Prince Ribbit
  9008 | D:9      | Found Reaseph's Book Emporium.
  9136 | D:9      | Noticed a boulder beetle
  9142 | D:9      | Noticed a centaur warrior
  9151 | D:9      | Killed a centaur warrior
  9151 | D:9      | Reached ** piety under Kikubaaqudgha
  9158 | D:9      | Mangled by a boulder beetle

Illustrated notes

Levels and vault maps discovered:
D:1:      dreamdust_arrival_sigmund_warning, layout_rooms, minmay_3d_cube
D:2:      layout_basic, serial_shops, shop, nicolae_shop_bloodbath_and_beyond
D:3:      layout_loops_ring, zin_scriptorium, uniq_ijyb
D:4:      layout_layer_cave, jmf_multi_god_temple2,
          nicolae_dithmenos_the_darkroom
D:5:      layout_loops_ring, minmay_temple_entry_fiery,
          gammafunk_ghost_abyssal_escape
D:6:      layout_rooms, serial_glass, glass_columns_a, glass_columns_b,
          feat_on_display, bh_walls_and_bars
D:7:      layout_basic
D:8:      gammafunk_jiyva_shrine, layout_basic, minivault_22,
          nicolae_custom_books
D:9:      layout_grid_maze, serial_shops, nicolae_shop_waterfront,
          hangedman_decor_clover_reticule, minmay_stone_trees_small,
          uniq_erolcha, uniq_prince_ribbit1, uniq_erica
Temple:   compressed_dpeg_circular_temple

Skill      XL: |  1  2  3  4  5  6  7  8  9 10 |
---------------+-------------------------------+-----
Spellcasting   | 3 4 5 6 7 |  7.2
Summonings     | 5 6 7 8 |  8.6
Air Magic      | 2 4 5 |  5.0
Fighting       | 1 2 4 |  4.9
Stealth        | 4 5 7 8 |  8.9
Dodging        | 3 4 5 6 |  6.2
Translocations | 1 3 4 |  4.0

Action                     |  1- 3 |  4- 6 |  7- 9 | 10-12 || total
---------------------------+-------+-------+-------+-------++-------
  Melee: Unarmed           |    15 |       |       |       ||    15
         Bite              |     1 |    11 |    24 |     4 ||    40
         Punch             |     1 |       |       |       ||     1
         Dagger            |    15 |    27 |       |       ||    42
         Short sword       |       |    58 |   199 |     4 ||   261
         Scimitar          |       |       |       |    22 ||    22
   Cast: Summon Small Mamm |    35 |    24 |    29 |     2 ||    90
         Call Canine Famil |       |    16 |    37 |     5 ||    58
         Summon Lightning  |       |       |    14 |    11 ||    25
  Evoke: Wand              |       |       |     4 |     2 ||     6
    Use: Scroll            |       |       |     7 |       ||     7
   Stab: Distracted        |     1 |       |     3 |     4 ||     8
         Sleeping          |       |     6 |     9 |       ||    15
 Armour: Robe              |    22 |    63 |    96 |    26 ||   207
  Dodge: Dodged            |    28 |    65 |   224 |    45 ||   362

Table legend: (Time is in decaauts)
 A = Elapsed time spent in this place.
 B = Non-inter-level travel time spent in this place.
 C = Inter-level travel time spent in this place.
 D = Time resting spent in this place.
 E = Time spent auto-exploring this place.
 F = Levels seen in this place.
 G = Mean time per level.
                   A        B        C        D        E       F      G
               +--------+--------+--------+--------+--------+-----+--------+
         Total |   9168 |   8913 |    255 |    317 |   6959 |  10 |  916.8 |
       Dungeon |   9138 |   8901 |    237 |    317 |   6950 |   9 | 1015.3 |
        Temple |     29 |     11 |     18 |      0 |      9 |   1 |   29.0 |
               +--------+--------+--------+--------+--------+-----+--------+

Top non-repeatable levels by time:
     D:7: 1725 daAuts
     D:4: 1541 daAuts
     D:2: 1170 daAuts
     D:8: 1033 daAuts
     D:3: 911 daAuts
     D:5: 867 daAuts
     D:1: 741 daAuts
     D:6: 662 daAuts
     D:9: 486 daAuts
  Temple: 29 daAuts
